 Dungeon Crawl Stone Soup version 0.24-a0-441-g27f0392e16 (webtiles) character file.

Game seed: 15254564750014475908

301 gruber the Magician (level 6, 0/36 HPs)
             Began as an Octopode Wizard on June 19, 2019.
             Slain by an adder (2 damage)
             ... on level 4 of the Dungeon.
             The game lasted 00:05:44 (4000 turns).

gruber the Magician (Octopode Wizard)               Turns: 4000, Time: 00:05:44

Health: 0/36       AC:  1    Str:  6    XL:     6   Next: 37%
Magic:  4/14       EV: 13    Int: 22    God:
Gold:   152        SH:  0    Dex: 11    Spells: 4/15 levels left

rFire    . . .     SeeInvis .   k - +0 spear
rCold    . . .     Gourm    .   (no shield)
rNeg     . . .     Faith    .   a - +0 hat
rPois    .         Spirit   .   (no amulet)
rElec    .         Reflect  .   (no ring)
rCorr    .         Harm     .   (no ring)
MR       .....                  (no ring)
Stlth    +++.......             (no ring)
HPRegen  0.12/turn              (no ring)
MPRegen  0.14/turn              (no ring)
                                (no ring)
                                (no ring)

@: no status effects
A: almost no armour, stealthy swim, amphibious, 8 rings, constrict 8, camouflage
1, gelatinous body 1
a: no special abilities


You were on level 4 of the Dungeon.
You were hungry.

You visited 1 branch of the dungeon, and saw 4 of its levels.

You collected 152 gold pieces.

Inventory:

Hand Weapons
 k - a +0 spear (weapon)
Missiles
 l - 14 poisoned darts (quivered)
Armour
 a - a +0 hat (worn)
Scrolls
 b - 2 scrolls of amnesia {unknown}
 d - 2 scrolls of enchant weapon {unknown}
 e - a scroll of immolation {unknown}
 h - a scroll of noise {unknown}
 i - 2 scrolls of remove curse {unknown}
 o - a scroll of random uselessness {unknown}
 p - 2 scrolls of teleportation {unknown}
Potions
 f - a potion of might {unknown}
 g - a potion of resistance {unknown}
 j - 3 potions of flight {unknown}
 m - a potion of curing {unknown}
 n - a potion of heal wounds
Comestibles
 c - 8 rations


   Skills:
 - Level 2.0 Dodging
 - Level 2.6 Stealth
 + Level 5.3 Spellcasting
 * Level 3.8 Conjurations
 - Level 1.1 Summonings
 - Level 1.0 Translocations


You had 4 spell levels left.
You knew the following spells:

 Your Spells              Type           Power        Failure   Level  Hunger
a - Magic Dart            Conj           ###.         1%          1    None
b - Blink                 Tloc           N/A          10%         2    None
c - Call Imp              Summ           ##......     10%         2    None
d - Conjure Flame         Conj/Fire      ##......     13%         3    ##.....
e - Mephitic Cloud        Conj/Pois/Air  ##......     17%         3    ##.....

Your spell library contained the following spells:

 Spells                   Type           Power        Failure   Level  Hunger
 Confusing Touch          Hex            #.....       10%         1    None
 Slow                     Hex            #.......     14%         2    None
 Gell's Gravitas          Tloc           ##........   19%         3    ##.....
 Confuse                  Hex            #.......     28%         3    ##.....
 Petrify                  Tmut/Erth      #.......     67%         4    ####...
 Metabolic Englaciation   Hex/Ice        #.........   95%         5    #####..
 Yara's Violent Unravell  Hex/Tmut       #.........   95%         5    #####..


Dungeon Overview and Level Annotations

Branches:
Dungeon (4/15)
 Temple: D:4-7

Altars:
Makhleb


Innate Abilities, Weirdness & Mutations

You cannot wear most types of armour.
You are very stealthy in the water. (Stealth+)
You are amphibious.
You can wear up to eight rings at the same time.
You can use your tentacles to constrict eight enemies at once.
Your skin changes colour to match your surroundings (Stealth+).
Your rubbery body absorbs attacks. (AC +1, EV +1)


Message History

* * * LOW HITPOINT WARNING * * *
There is an open door here.
The giant cockroach closely misses you. The giant cockroach bites you.
* * * LOW HITPOINT WARNING * * *
The howler monkey hoots and howls with incredible vigour!
You hear an angry hiss.
You hear a bark!
There is an open door here.
The howler monkey hoots and howls with incredible vigour!
The giant cockroach bites you.
* * * LOW HITPOINT WARNING * * *
The giant cockroach waves its antennae.
Casting: Magic Dart (safe; 1% risk of failure)
Confirm with . or Enter, or press ? or * to list all spells.
You blink.
You see here 27 stones.
The giant cockroach misses you. The giant cockroach barely misses you.
The adder bites you.
You die...

..#.#.....#....)##
....#.....#....##
....#.hS..#....##
....###'###.....#
...## #.###.....#
...# #....h....#
...# #####.....#
### ...#
#.(.SS########.#
...#
#...s.@........#
#......#######.#
####...#...<.#.#
##..#.#####.#
#..#.....#.#
#..#####.#.# #..##
#.#)# ##..####.#)#
#....##.#.#


You could see a howler monkey, 2 adders and a giant cockroach.

Vanquished Creatures
  A hound (D:2)
  3 orc priests
  Natasha (D:2)
  An orc wizard (D:4)
  3 adders
  2 worms (D:3)
  3 dart slugs
  A leopard gecko (D:1)
  7 orcs
  7 giant cockroaches
  3 goblins
  9 hobgoblins
  4 jackals (D:3)
  5 kobolds
  4 quokkas
  A ball python (D:2)
  6 bats
  8 frilled lizards
  A leopard gecko skeleton (D:4)
  6 rats
76 creatures vanquished.

Vanquished Creatures (collateral kills)
  An ooze (D:2)
1 creature vanquished.

Vanquished Creatures (others)
  2 orc wizards (D:4)
2 creatures vanquished.

Grand Total: 79 creatures vanquished

Notes
Turn   | Place    | Note
-------+----------+-------------------------------------------
     0 | D:1      | gruber the Octopode Wizard began the quest for the Orb.
     0 | D:1      | Reached XP level 1. HP: 11/11 MP: 4/4
   297 | D:1      | Reached XP level 2. HP: 17/17 MP: 0/6
   393 | D:1      | Learned a level 2 spell: Blink
   396 | D:1      | Learned a level 2 spell: Call Imp
   888 | D:1      | Reached XP level 3. HP: 20/21 MP: 8/8
  1157 | D:2      | Found a burning altar of Makhleb.
  1167 | D:2      | Reached skill level 4 in Spellcasting
  1167 | D:2      | Reached XP level 4. HP: 12/27 MP: 0/10
  1334 | D:2      | Learned a level 3 spell: Conjure Flame
  1338 | D:2      | Learned a level 3 spell: Mephitic Cloud
  1778 | D:2      | Noticed Natasha
  1795 | D:2      | Killed Natasha
  2294 | D:3      | Reached XP level 5. HP: 25/31 MP: 11/11
  2985 | D:3      | Reached skill level 5 in Spellcasting
  3159 | D:3      | Reached XP level 6. HP: 36/36 MP: 6/13
  3991 | D:4      | HP: 1/36 [giant cockroach (2)]
  4000 | D:4      | Slain by an adder

Levels and vault maps discovered:
D:1:      dpeg_arrival_arbitrary_a, layout_basic
D:2:      layout_basic, makhleb_blood_cavern_becter, uniq_natasha
D:3:      layout_basic, first_ration
D:4:      layout_basic, serial_shops, shop, kennysheep_minor_cross,
          hangedman_decor_lopped, grunt_decor_one_mirror

Skill      XL: |  1  2  3  4  5 |
---------------+----------------+-----
Spellcasting   | 4 5 |  5.3
Conjurations   | 2 3 |  3.8
Dodging        | |  2.0
Stealth        | |  2.6
Summonings     | |  1.1
Translocations | |  1.0

Action                   |  1- 3 |  4- 6 || total
-------------------------+-------+-------++-------
Melee: Unarmed           |    29 |     4 ||    33
       Constrict         |     8 |    19 ||    27
       Tentacles         |     6 |    10 ||    16
       Spear             |       |   111 ||   111
 Cast: Magic Dart        |    48 |    84 ||   132
       Blink             |       |     3 ||     3
       Call Imp          |       |     1 ||     1
       Mephitic Cloud    |       |     3 ||     3
  Use: Potion            |       |     2 ||     2
 Stab: Sleeping          |     1 |     6 ||     7
  Eat: Chunk             |       |     9 ||     9
Armor: Skin              |     5 |    11 ||    16
Dodge: Dodged            |    24 |    85 ||   109

Table legend:
 A = Non-vault XP
 B = Vault XP
 C = Vault XP percentage of total XP
 D = Non-vault monster count
 E = Vault monster count
 F = Vault count percentage of total count
                 A         B        C        D         E       F
            +---------+---------+-------+---------+---------+-------
      Total |     351 |      80 |  18.6 |      77 |       2 |   2.5
            +---------+---------+-------+---------+---------+-------
        D:1 |      35 |       0 |   0.0 |      20 |       0 |   0.0
        D:2 |      46 |      80 |  63.5 |      18 |       2 |  10.0
        D:3 |     164 |       0 |   0.0 |      26 |       0 |   0.0
        D:4 |     106 |       0 |   0.0 |      13 |       0 |   0.0
            +---------+---------+-------+---------+---------+-------
